 Dungeon Crawl Stone Soup version 0.21-a0-352-g5b8f553 (webtiles) character file.

78813 Dfrag the Devastator (level 15, -6/103 HPs)
             Began as a Demonspawn Fire Elementalist on Oct 12, 2017.
             Was a High Priest of Vehumet.
             Killed by the raging water
             ... invoked by a water nymph
              (28 damage)
             ... on level 1 of the Shoals.
             The game lasted 00:58:10 (25602 turns).

Dfrag the Devastator (DsFE)                        Turns: 25602, Time: 00:58:11

Health: -6/103     AC: 11    Str: 16    XL:     15   Next: 19%
Magic:  5/33       EV: 17    Int: 28    God:    Vehumet [*****.]
Gold:   2714       SH:  0    Dex: 19    Spells: 8/42 levels left

rFire    + + +     SeeInvis .   o - +8 rapier "Sacese" {protect, Str+5}
rCold    . . .     Gourm    .   (no shield)
rNeg     + . .     Faith    .   I - +2 robe {rC+ rF+}
rPois    .         Spirit   .   a - +0 helmet of the Eternal Fruit {Dex+5} (curse)
rElec    .         Reflect  .   W - +0 cloak
rCorr    .         Harm     .   Z - +2 pair of gloves {Str+3}
MR       +....     Rnd*Rage +   (boots unavailable) Stlth +++.......Rnd*Tele +
                                V - amulet of regeneration
HPRegen  0.67/turn              L - +5 ring of intelligence
MPRegen  0.23/turn              J - ring of fire

@: lethally poisoned (-6 -> -8), about to teleport, studying Transmutations,
repel missiles, very slow
A: claws 1, hooves 3, repulsion field 3, berserk 1, fire resistance 1, ignite
blood, negative energy resistance 1, nightstalker 3, sense surroundings 1,
robust 1, shaggy fur 2, teleportitis 2, flame cloud immunity
a: Renounce Religion


You were on level 1 of the Shoals.
You worshipped Vehumet.
Vehumet was extremely pleased with you.
You were hungry.

You visited 4 branches of the dungeon, and saw 23 of its levels.
You also visited: Sewer and Volcano.

You collected 2834 gold pieces.
You spent 120 gold pieces at shops.

Inventory:

Hand Weapons
 o - the +8 rapier "Sacese" (weapon) {protect, Str+5}
   (You found it on level 13 of the Dungeon)

   It protects the one who uses it against injury (+AC on strike).
   It affects your strength (+5).
 s - the +8 short sword "Luila" {flame, rF+ Dex+6}
   (You took it off a gnoll on level 8 of the Dungeon)

   It has been specially enchanted to burn those struck by it, causing extra
   injury to most foes and up to half again as much damage against particularly
   susceptible opponents.
   It affects your dexterity (+6).
   It protects you from fire.
 U - the +2 dagger "Donucela" {protect, rPois rC++ SInv Stlth-}
   (You found it on level 12 of the Dungeon)

   It protects the one who uses it against injury (+AC on strike).
   It greatly protects you from cold.
   It protects you from poison.
   It lets you see invisible.
   It makes you less stealthy.
Armour
 a - the cursed +0 helmet of the Eternal Fruit (worn) {Dex+5}
   (You found it on level 2 of the Lair of Beasts)

   It affects your dexterity (+5).
   It has a curse placed upon it.
 I - a +2 robe of resistance (worn)
 P - a +0 troll leather armour
 W - a +0 cloak (worn)
 Z - a +2 pair of gloves of strength (worn)
Jewellery
 J - a ring of fire (right hand)
 L - a +5 ring of intelligence (left hand)
 T - an uncursed ring of magical power
 V - an amulet of regeneration (around neck)
Wands
 i - a wand of disintegration (17/24)
 k - a wand of clouds (2/9)
 B - a wand of iceblast (4/15)
 K - a wand of acid (10/15)
Scrolls
 e - 6 scrolls of enchant armour
 f - 5 scrolls of teleportation
 g - 9 scrolls of remove curse
 h - 2 scrolls of enchant weapon
 m - 4 scrolls of immolation
 p - 7 scrolls of recharging
 q - 7 scrolls of magic mapping
 r - 4 scrolls of fog
 u - 4 scrolls of fear
 y - a scroll of blinking
 D - 2 scrolls of identify
 F - 4 scrolls of amnesia
 Y - 3 scrolls of silence
Potions
 d - 8 potions of curing
 j - 4 potions of agility
 n - 4 potions of heal wounds
 v - 5 potions of brilliance
 w - 8 potions of might
 x - 5 potions of flight
 z - 2 potions of haste
 C - 2 potions of lignification
 O - 4 potions of resistance
 S - a potion of berserk rage {unknown}
Books
 b - a book of Flames

   Spells                             Type                      Level
   a - Flame Tongue                   Conjuration/Fire             1
   b - Throw Flame                    Conjuration/Fire             2
   c - Conjure Flame                  Conjuration/Fire             3
   d - Inner Flame                    Hexes/Fire                   3
   e - Sticky Flame                   Conjuration/Fire             4
   f - Fireball                       Conjuration/Fire             5
 t - a Young Poisoner's Handbook

   Spells                             Type                      Level
   a - Sting                          Conjuration/Poison           1
   b - Poisonous Vapours              Poison/Air                   2
   c - Mephitic Cloud                 Conjuration/Poison/Air       3
   d - Olgreb's Toxic Radiance        Poison                       4
   e - Venom Bolt                     Conjuration/Poison           5
 G - a manual of Transmutations
 H - the Guide on Congealing Flight
   (You found it on level 2 of the Lair of Beasts)

   Spells                             Type                      Level
   a - Freeze                         Ice                          1
   b - Swiftness                      Charms/Air                   2
   c - Mephitic Cloud                 Conjuration/Poison/Air       3
   d - Airstrike                      Air                          4
   e - Bolt of Cold                   Conjuration/Ice              6
 M - a book of Frost

   Spells                             Type                      Level
   a - Freeze                         Ice                          1
   b - Throw Frost                    Conjuration/Ice              2
   c - Ozocubu's Armour               Charms/Ice                   3
   d - Throw Icicle                   Conjuration/Ice              4
   e - Summon Ice Beast               Ice/Summoning                4
 X - a book of Maledictions

   Spells                             Type                      Level
   a - Corona                         Hexes                        1
   b - Ensorcelled Hibernation        Hexes/Ice                    2
   c - Confuse                        Hexes                        3
   d - Tukima's Dance                 Hexes                        3
   e - Dazzling Spray                 Conjuration/Hexes            3
Comestibles
 c - 15 bread rations
 l - 10 meat rations
 A - 14 royal jellies
 R - 5 fruits


   Skills:
 + Level 1.6 Fighting
 + Level 2.5 Dodging
 - Level 1.7 Stealth
 - Level 14.2 Spellcasting
 - Level 15.2 Conjurations
 - Level 14.3 Fire Magic


You had 8 spell levels left.
You knew the following spells:

 Your Spells              Type           Power        Failure   Level  Hunger
a - Flame Tongue          Conj/Fire      #####        0%          1    None
b - Conjure Flame         Conj/Fire      ########     0%          3    None
c - Sticky Flame          Conj/Fire      ########     1%          4    None
d - Fireball              Conj/Fire      ########..   1%          5    #......
e - Bolt of Magma         Conj/Fire/Erth #######...   1%          5    #......
f - Bolt of Cold          Conj/Ice       ######....   4%          6    ####...
g - Throw Icicle          Conj/Ice       ######..     1%          4    None
h - Bolt of Fire          Conj/Fire      ########..   1%          6    ####...


Dungeon Overview and Level Annotations

Branches:
Dungeon (14/15)            Temple (0/1) D:7            Lair (6/6) D:9
 Shoals (1/4) Lair:4        Snake (0/4) Lair:4        Slime (0/5) Lair:6
    Orc (2/2) D:12            Elf (0/3) Orc:2        Vaults (0/5) D:14

Altars:
Cheibriados
Dithmenos
Elyvilon
Fedhas
Gozag
Makhleb
Vehumet
Yredelemnul
Zin

Shops:
D:11 *   D:12 [   Orc:2 ?*[:=

Portals:
Trove: D:11 (give +3 gold dragon scales)

Annotations:
D:7 Menkaure


Innate Abilities, Weirdness & Mutations

You have hooves in place of feet.
You are surrounded by a strong repulsion field. (EV +4, RMsl)
Your flesh is heat resistant. (rF+)
Your demonic aura causes spilled blood to erupt in flames.
You resist negative energy. (rN+)
You are completely attuned to the shadows.
You are immune to clouds of flame.
You have sharp fingernails.
You tend to lose your temper in combat.
You passively map a small area around you.
You are robust. (+10% HP)
You are covered in thick fur. (AC +2)
You are sometimes teleported next to monsters.


Message History

Unknown command.
You feel much better.
You feel sick. The merfolk impaler misses you.
The merfolk impaler hits you from afar with a trident of holy wrath!
* * * LOW HITPOINT WARNING * * *
You convulse!
* * * LOW HITPOINT WARNING * * *
Unknown command.
Okay, then.
You feel much better.
You feel sick.
The merfolk impaler hits you from afar with a trident of holy wrath!
* * * LOW HITPOINT WARNING * * *
You convulse.
* * * LOW HITPOINT WARNING * * *
A water nymph comes into view.
Unknown command.
As you read the scroll of teleportation, it crumbles to dust.
You feel strangely unstable.
You feel sick.
The water nymph gestures at you while chanting.
The water swirls and strikes you!
You die...

, * * , * ≈ , , , ,
≈ , , * ≈≈≈≈≈≈≈≈m *
* ,, ≈≈≈≈≈≈%.. , ,
≈≈k≈≈≈≈.. ** ,≈
...≈..≈≈≈≈≈≈≈≈≈.#*
......§≈≈≈≈≈@≈.## *
.....§≈≈≈≈≈≈≈≈...
..§§..≈.$≈≈≈m≈≈≈. *
≈≈k≈<.§k≈(≈≈≈≈≈≈. *
≈≈≈≈≈§§§§§≈≈≈≈≈≈≈≈.
* ≈≈≈§§§§§≈≈≈≈≈≈≈≈$
≈≈≈≈H§≈≈≈≈≈≈≈≈≈≈. ,
≈≈≈m≈≈≈≈≈≈≈≈.≈≈≈.*
, , ≈ ≈ ,


You could see a merfolk impaler, a wind drake (wandering) and a water nymph.

Vanquished Creatures
  Rupert (Orc:2)
  A yaktaur captain (D:14)
  10 hydras
  The ghost of Chizzley the Infuser, a journeyman GnSk of Okawaru (Lair:2)
  Erica (D:8)
  A catoblepas (Lair:6)
  6 two-headed ogres
  7 death yaks (Lair:6)
  A deep troll shaman (Lair:6)
  5 orc high priests (Orc:2)
  A fire crab (Volcano)
  A sea snake (Shoals:1)
  4 unseen horrors
  12 orc knights
  An ugly thing (D:14)
  An oklob plant (Lair:2)
  A cyclops (Orc:2)
  2 manticores (Shoals:1)
  An orc sorcerer (Orc:1)
  3 elephants
  4 black mambas
  A gargoyle (D:13)
  12 spiny frogs
  2 yaktaurs (D:14)
  6 komodo dragons
  2 rime drakes (Lair:6)
  A kobold demonologist (D:14)
  2 merfolk (Shoals:1)
  4 trolls
  2 polar bears (Lair:4)
  A jumping spider (shapeshifter) (D:13)
  Prince Ribbit (D:7)
  14 blink frogs
  10 hippogriffs
  5 dream sheep (Lair:6)
  3 slime creatures (D:13)
  A snapping turtle (shapeshifter) (D:13)
  A water elemental (Shoals:1)
  33 yaks
  A shadow (D:12)
  7 fire bats (Volcano)
  A human (D:7)
  4 hogs (D:7)
  A steam dragon (Volcano)
  3 basilisks
  A hungry ghost (D:14)
  2 vampire mosquitoes (D:14)
  Edmund (D:5)
  3 wargs
  A harpy simulacrum (D:14)
  A naga (shapeshifter) (D:11)
  5 swamp worms (Lair:2)
  2 nagas (Lair:4)
  3 water moccasins
  2 hell hounds (Volcano)
  2 acid dragons
  15 porcupines
  2 ice beasts
  6 black bears
  33 orc warriors
  7 sky beasts
  7 necrophages
  An eye of draining (D:11)
  A phantom (D:5)
  9 ogres
  2 hornet zombies
  10 wolves
  14 crocodiles
  13 centaurs
  7 big kobolds
  13 bullfrogs
  A wyvern skeleton (D:14)
  6 scorpions
  11 killer bees
  11 wights
  7 howler monkeys
  8 crimson imps
  2 quasits (D:11)
  5 lava snakes (Volcano)
  A jelly (D:11)
  35 orc priests
  3 centaur skeletons
  A hound (shapeshifter) (D:14)
  5 bullfrog skeletons
  7 hounds
  18 orc wizards
  A gnoll shaman (D:9)
  7 iguanas
  12 worker ants
  4 hell rats (Lair:5)
  2 hound skeletons
  Robin (D:3)
  2 worker ant zombies
  9 gnolls
  15 adders
  2 river rats
  7 shadow imps
  3 oozes
  4 adder skeletons
  19 worms
  2 dart slugs
  5 leopard geckos
  101 orcs
  8 bats
  9 giant cockroaches
  17 goblins
  3 hobgoblins
  9 jackals
  6 quokkas
  2 ball pythons
  3 frilled lizards
  A giant cockroach zombie (D:5)
  23 kobolds
  A quokka skeleton (D:3)
  2 quokka zombies
  11 rats
  A spectral orc (D:8)
  5 bushes
  5 fungi
  4 plants
773 creatures vanquished.

Vanquished Creatures (others)
  A hell hog (Volcano)
  An adder (D:8)
  10 fungi
  6 plants
18 creatures vanquished.

Grand Total: 791 creatures vanquished

Notes
Turn   | Place    | Note
-------+----------+-------------------------------------------
     0 | D:1      | Dfrag the Demonspawn Fire Elementalist began the quest for the Orb.
     0 | D:1      | Reached XP level 1. HP: 13/13 MP: 3/3
   323 | D:1      | Gained mutation: Your flesh is heat resistant. (rF+) [demonic ancestry]
   323 | D:1      | Reached XP level 2. HP: 17/19 MP: 0/5
   661 | D:1      | Reached XP level 3. HP: 22/24 MP: 2/6
   759 | D:2      | Reached skill level 2 in Conjurations
  1391 | D:2      | Gained mutation: You are surrounded by a mild repulsion field. (EV +2) [demonic ancestry]
  1391 | D:2      | Reached XP level 4. HP: 29/30 MP: 0/8
  1762 | D:3      | Found a faded altar of an unknown god.
  1762 | D:3      | Noticed Robin
  1897 | D:3      | Learned a level 3 spell: Conjure Flame
  1913 | D:3      | Learned a level 4 spell: Sticky Flame
  2251 | D:3      | Killed Robin
  2327 | D:3      | Found a burning altar of Makhleb.
  2438 | D:3      | Gained mutation: You are surrounded by a moderate repulsion field. (EV +3) [demonic ancestry]
  2438 | D:3      | Reached XP level 5. HP: 34/35 MP: 6/9
  2465 | D:3      | Reached skill level 3 in Conjurations
  3109 | D:4      | Noticed an ogre
  3117 | D:4      | Killed an ogre
  3117 | D:4      | Gained mutation: You are slightly more attuned to the shadows. [demonic ancestry]
  3117 | D:4      | Reached XP level 6. HP: 41/41 MP: 3/11
  3555 | D:4      | Found a glowing drain.
  3563 | Sewer    | Entered a sewer
  3681 | Sewer    | Reached skill level 4 in Conjurations
  3755 | Sewer    | Found a glowing silver altar of Zin.
  3829 | D:4      | Gained mutation: You are surrounded by a strong repulsion field. (EV +4, RMsl) [demonic ancestry]
  3829 | D:4      | Reached XP level 7. HP: 40/46 MP: 8/13
  4311 | D:4      | Found a glowing silver altar of Zin.
  4334 | D:4      | Reached skill level 5 in Fire Magic
  4537 | D:5      | Entered Level 5 of the Dungeon
  4806 | D:5      | Reached skill level 5 in Conjurations
  5071 | D:5      | Reached skill level 5 in Spellcasting
  5121 | D:6      | Noticed Edmund
  5156 | D:5      | Killed Edmund
  5156 | D:5      | Gained mutation: You are immune to clouds of flame. [demonic ancestry]
  5156 | D:5      | Reached XP level 8. HP: 26/52 MP: 1/15
  5478 | D:6      | Gained mutation: You have a pair of small horns on your head. [mutagenic meat]
  5481 | D:6      | Gained mutation: You expend magic power (3 MP) to strengthen your wands. [mutagenic meat]
  5500 | D:6      | Found a radiant altar of Vehumet.
  5578 | D:6      | Became a worshipper of Vehumet
  5587 | D:6      | Reached skill level 6 in Conjurations
  5655 | D:6      | Gained mutation: You have a pair of horns on your head. [mutagenic meat]
  5656 | D:6      | Gained mutation: Potions are less effective at restoring your health. [mutagenic meat]
  5657 | D:6      | Gained mutation: You are covered in fur. (AC +1) [mutagenic meat]
  5658 | D:6      | Gained mutation: You have sharp fingernails. [mutagenic meat]
  6024 | D:6      | Gained mutation: Your demonic aura causes spilled blood to erupt in flames. [demonic ancestry]
  6024 | D:6      | Reached XP level 9. HP: 57/57 MP: 18/18
  6087 | D:6      | Found a shadowy altar of Dithmenos.
  6450 | D:7      | Reached skill level 7 in Conjurations
  6742 | D:7      | Noticed Prince Ribbit
  6751 | D:7      | Killed Prince Ribbit
  6882 | D:7      | Found a snail-covered altar of Cheibriados.
  6895 | D:7      | Found a blossoming altar of Fedhas.
  6948 | D:7      | Found a staircase to the Ecumenical Temple.
  7071 | D:7      | Noticed Menkaure
  7109 | D:7      | Reached * piety under Vehumet
  7109 | D:7      | Offered knowledge of Sting by Vehumet.
  7109 | D:7      | Reached skill level 8 in Conjurations
  7489 | D:8      | Gained mutation: You are significantly more attuned to the shadows. [demonic ancestry]
  7489 | D:8      | Reached XP level 10. HP: 29/63 MP: 2/21
  7577 | D:8      | Noticed a two-headed ogre
  7590 | D:8      | Killed a two-headed ogre
  7801 | D:8      | Noticed Erica
  7820 | D:8      | Killed Erica
  7820 | D:8      | Reached skill level 9 in Conjurations
  7843 | D:8      | HP: 2/63 [gnoll/sapphire short sword {flame} (11)]
  7926 | D:8      | Got a sapphire short sword {flame}
  7927 | D:8      | Identified the +8 short sword "Luila" {flame, rF+ Dex+6} (You took it off a gnoll on level 8 of the Dungeon)
  8070 | D:8      | Reached ** piety under Vehumet
  8298 | D:8      | Offered knowledge of Shock by Vehumet.
  8432 | D:8      | Found a white marble altar of Elyvilon.
  8677 | D:8      | Found a basalt altar of Yredelemnul.
  8972 | D:9      | Offered knowledge of Static Discharge by Vehumet.
  9031 | D:9      | Noticed a two-headed ogre
  9041 | D:9      | Killed a two-headed ogre
  9061 | D:9      | Found a staircase to the Lair.
  9092 | D:9      | Gained mutation: You have large cloven feet. [demonic ancestry]
  9092 | D:9      | Reached XP level 11. HP: 58/68 MP: 11/24
  9285 | D:9      | Reached *** piety under Vehumet
  9291 | D:9      | Reached skill level 10 in Conjurations
  9905 | D:10     | Entered Level 10 of the Dungeon
  9940 | D:10     | Offered knowledge of Iskenderun's Mystic Blast by Vehumet.
  9951 | D:10     | Noticed an unseen horror
  9952 | D:10     | Killed an unseen horror
 10223 | D:10     | Noticed a two-headed ogre
 10234 | D:10     | Killed a two-headed ogre
 10234 | D:10     | Reached skill level 10 in Fire Magic
 10268 | D:10     | Learned a level 5 spell: Fireball
 10439 | D:10     | Gained mutation: You are frail. (-10% HP) [mutagenic meat]
 10440 | D:10     | Gained mutation: Your magical capacity is low. (-10% MP) [mutagenic meat]
 10441 | D:10     | Gained mutation: You are weak. (Str -2) [mutagenic meat]
 10442 | D:10     | Lost mutation: Potions are less effective at restoring your health. [potion of mutation]
 10442 | D:10     | Lost mutation: You are frail. (-10% HP) [potion of mutation]
 10442 | D:10     | Lost mutation: You have a pair of horns on your head. [potion of mutation]
 10442 | D:10     | Gained mutation: You are covered in thick fur. (AC +2) [potion of mutation]
 10442 | D:10     | Gained mutation: You are agile. (Dex +2) [potion of mutation]
 10444 | D:10     | Lost mutation: You have a pair of small horns on your head. [potion of mutation]
 10444 | D:10     | Lost mutation: You are weak. (Str -2) [potion of mutation]
 10444 | D:10     | Lost mutation: Your magical capacity is low. (-10% MP) [potion of mutation]
 10444 | D:10     | Gained mutation: Your body sometimes deteriorates upon taking damage. [potion of mutation]
 10444 | D:10     | Gained mutation: You passively map a small area around you. [potion of mutation]
 10444 | D:10     | Gained mutation: You are resistant to electric shocks. (rElec) [potion of mutation]
 10445 | D:10     | Lost mutation: Your body sometimes deteriorates upon taking damage. [potion of mutation]
 10445 | D:10     | Lost mutation: You are agile. (Dex +2) [potion of mutation]
 10445 | D:10     | Lost mutation: You expend magic power (3 MP) to strengthen your wands. [potion of mutation]
 10445 | D:10     | Lost mutation: You are resistant to electric shocks. (rElec) [potion of mutation]
 10445 | D:10     | Gained mutation: You tend to lose your temper in combat. [potion of mutation]
 10445 | D:10     | Gained mutation: You are robust. (+10% HP) [potion of mutation]
 11058 | D:11     | Reached skill level 10 in Spellcasting
 11065 | D:11     | Gained mutation: You are occasionally teleported next to monsters. [mutagenic meat]
 11066 | D:11     | Gained mutation: You have a pair of small horns on your head. [mutagenic meat]
 11067 | D:11     | Gained mutation: You are sometimes teleported next to monsters. [mutagenic meat]
 11101 | D:11     | Found Lischiz's Assorted Antiques.
 11129 | D:11     | Reached **** piety under Vehumet
 11275 | D:11     | Lost mutation: You have a pair of small horns on your head. [mutagenic meat]
 11276 | D:11     | Gained mutation: Your body sometimes deteriorates upon taking damage. [mutagenic meat]
 11277 | D:11     | Lost mutation: Your body sometimes deteriorates upon taking damage. [mutagenic meat]
 11473 | D:11     | Noticed a two-headed ogre
 11478 | D:11     | Killed a two-headed ogre
 11582 | D:11     | Found a portal to a secret trove of treasure.
 11584 | D:11     | Offered knowledge of Throw Icicle by Vehumet.
 11697 | D:11     | Reached skill level 11 in Conjurations
 11983 | D:12     | Noticed a two-headed ogre
 12001 | D:12     | Killed a two-headed ogre
 12027 | D:12     | Gained mutation: You have hoof-like feet. [demonic ancestry]
 12027 | D:12     | Reached XP level 12. HP: 54/81 MP: 6/26
 12404 | D:12     | Got a fine dagger
 12405 | D:12     | Identified the +2 dagger "Donucela" {protect, rPois rC++ SInv Stlth-} (You found it on level 12 of the Dungeon)
 12476 | D:12     | Found Kineuck's Armour Shoppe.
 12480 | D:12     | Found a staircase to the Orcish Mines.
 12950 | Lair:1   | Entered Level 1 of the Lair of Beasts
 12976 | Lair:1   | Reached ***** piety under Vehumet
 12977 | Lair:1   | Offered knowledge of Poison Arrow by Vehumet.
 12981 | Lair:1   | Noticed a seven-headed hydra
 12984 | Lair:1   | Killed a seven-headed hydra
 13168 | Lair:1   | Noticed a six-headed hydra
 13174 | Lair:1   | Killed a six-headed hydra
 13272 | Lair:1   | Noticed a four-headed hydra
 13275 | Lair:1   | Killed a four-headed hydra
 13275 | Lair:1   | Reached skill level 12 in Conjurations
 13923 | Lair:2   | Got a shimmering helmet
 13930 | Lair:2   | Identified the cursed +0 helmet of the Eternal Fruit {Dex+5} (You found it on level 2 of the Lair of Beasts)
 13996 | Lair:2   | Identified the Guide on Congealing Flight
 14346 | Lair:2   | Noticed Chizzley's ghost (journeyman GnSk)
 14348 | Lair:2   | Killed Chizzley's ghost
 14937 | Lair:2   | Got a faintly glowing ruby amulet
 14942 | Lair:2   | Identified the amulet of the Rabble {Spirit rN++ MR- Int+3} (You found it on level 2 of the Lair of Beasts)
 15229 | Lair:3   | Noticed a six-headed hydra
 15233 | Lair:3   | Killed a six-headed hydra
 15267 | Lair:3   | Noticed an eight-headed hydra
 15270 | Lair:3   | Killed an eight-headed hydra
 15329 | Lair:3   | Gained mutation: You have hooves in place of feet. [demonic ancestry]
 15329 | Lair:3   | Reached XP level 13. HP: 86/86 MP: 10/28
 15741 | Lair:3   | Offered knowledge of Bolt of Magma by Vehumet.
 16267 | Lair:4   | Reached skill level 13 in Conjurations
 16398 | Lair:4   | Found a staircase to the Snake Pit.
 16458 | Lair:4   | Found a staircase to the Shoals.
 17953 | Lair:6   | Entered Level 6 of the Lair of Beasts
 18585 | Lair:6   | Found a staircase to the Slime Pits.
 18855 | Lair:6   | Gained mutation: You are completely attuned to the shadows. [demonic ancestry]
 18855 | Lair:6   | Reached XP level 14. HP: 92/92 MP: 13/31
 18942 | Lair:6   | Learned a level 5 spell: Bolt of Magma
 19030 | Lair:6   | Reached skill level 14 in Conjurations
 19289 | Lair:6   | Offered knowledge of Conjure Ball Lightning by Vehumet.
 20307 | D:13     | Found a basalt altar of Yredelemnul.
 21123 | D:13     | Got an encrusted rapier
 21739 | D:14     | HP: 3/92 [harpy simulacrum (30)]
 21959 | D:14     | Found a gate to the Vaults.
 22199 | D:14     | Found an opulent altar of Gozag.
 22411 | Orc:1    | Entered Level 1 of the Orcish Mines
 22425 | Orc:1    | Offered knowledge of Irradiate by Vehumet.
 22764 | Orc:1    | Identified the +8 rapier "Sacese" {protect, Str+5} (You found it on level 13 of the Dungeon)
 22769 | Orc:2    | Entered Level 2 of the Orcish Mines
 22773 | Orc:2    | Noticed Rupert
 22774 | Orc:2    | Found Gaxiesom's Magic Scroll Emporium.
 22791 | Orc:2    | Found a dark tunnel.
 22799 | Orc:2    | Learned a level 6 spell: Bolt of Cold
 22803 | Volcano  | Entered a volcano
 22850 | Volcano  | Learned a level 4 spell: Throw Icicle
 22944 | Volcano  | Found a bloodstained altar of Trog.
 23188 | Volcano  | Found a radiant altar of Vehumet.
 23469 | Orc:2    | Found a staircase to the Elven Halls.
 23519 | Orc:2    | Killed Rupert
 23859 | Orc:2    | Reached skill level 15 in Conjurations
 24354 | Orc:2    | Gained mutation: You resist negative energy. (rN+) [demonic ancestry]
 24354 | Orc:2    | Reached XP level 15. HP: 64/98 MP: 3/33
 24724 | Orc:2    | Offered knowledge of Bolt of Fire by Vehumet.
 24772 | Orc:2    | Found Vimirea's Book Shoppe.
 24773 | Orc:2    | Found Zieclye's Jewellery Emporium.
 24774 | Orc:2    | Found Liosysa's Armour Emporium.
 24774 | Orc:2    | Found Kiasmi Ykhlu's General Store.
 24827 | Orc:2    | Bought a potion of heal wounds for 75 gold pieces
 24827 | Orc:2    | Bought a scroll of teleportation for 45 gold pieces
 25162 | Orc:2    | Learned a level 6 spell: Bolt of Fire
 25585 | Shoals:1 | Entered Level 1 of the Shoals
 25591 | Shoals:1 | Reached skill level 1 in Fighting
 25602 | Shoals:1 | Killed from afar by a water nymph

Vault maps used:
D:1:      minmay_arrival_four_houses, minmay_crystal_water,
          serial_bayou_lagoon_a, minmay_stone_trees_small
D:2:      first_bread
D:3:      nicolae_overflow_crystal_walls,
          chequers_ecumenical_altar_simple_redux, uniq_robin
D:4:      zin_academy, portal_sewer_entry_a
D:6:      grunt_dithmenos_smoke, basic_altar, st_stairs_10, uniq_edmund
D:7:      amethyst_overflow_temple_binary, minmay_temple_entry_glass,
          grunt_livestock, eino_jars, uniq_menkaure, uniq_prince_ribbit1
D:8:      yredelemnul_forgotten_temple_becter, basic_altar, uniq_erica
D:9:      due_lair_maze_entry_diamond, supply_closet_lemuel
D:11:     serial_shops, shop, enter_trove_6
D:12:     orc_david_3
D:13:     basic_altar, roderic_serpentine_path
D:14:     kennysheep_blocky_hall, david_vaults_2, grunt_gozag_statues
Lair:1:   st_stairs_10, guppyfry_lair_drakes, grunt_megastairs_5
Lair:2:   minmay_lair_oklob_bushes, worms_lemuel
Lair:4:   elwin_shoals_entry_rocks, guppyfry_snake_entry_island
Lair:5:   roderic_carrion_pond
Lair:6:   grunt_lair_end_beastmaster, slime_dummy, st_stairs_4,
          minmay_lindwurm_lava
Shoals:1: uniq_josephine
Orc:2:    st_orc_pillars, enter_volcano_1, serial_shops, shop, uniq_rupert
Sewer:    sewer_kobolds
Volcano:  volcano_grotto

Skill      XL: |  1  2  3  4  5  6  7  8  9 10 11 12 13 14 15 |
---------------+----------------------------------------------+-----
Fire Magic     | 3 4 5 6 8 9 10 12 13 14 | 14.3
Conjurations   | 2 3 4 5 6 8 9 11 12 13 15 | 15.2
Spellcasting   | 3 4 5 6 7 9 10 11 13 14 | 14.2
Fighting       | 1 |  1.6
Dodging        | 2 |  2.5
Stealth        | |  1.7

Action                   |  1- 3 |  4- 6 |  7- 9 | 10-12 | 13-15 || total
-------------------------+-------+-------+-------+-------+-------++-------
Melee: Unarmed           |    48 |   123 |       |       |       ||   171
       Mace              |       |     9 |    49 |       |       ||    58
       Dire flail        |       |       |    87 |    34 |       ||   121
       Headbutt          |       |       |    10 |    36 |       ||    46
       Short sword       |       |       |       |   257 |   118 ||   375
       Kick              |       |       |       |    40 |    75 ||   115
       Dagger            |       |       |       |     5 |       ||     5
       Rapier            |       |       |       |       |    79 ||    79
 Cast: Flame Tongue      |    67 |   146 |    95 |    62 |    25 ||   395
       Sticky Flame      |       |     6 |    49 |    96 |    88 ||   239
       Conjure Flame     |       |       |       |     1 |       ||     1
       Fireball          |       |       |       |    63 |   216 ||   279
       Throw Icicle      |       |       |       |       |    17 ||    17
       Bolt of Cold      |       |       |       |       |     3 ||     3
  Use: Potion            |       |     1 |       |     4 |     3 ||     8
       Scroll            |       |       |    12 |     6 |    13 ||    31
 Stab: Sleeping          |       |       |       |    11 |     8 ||    19
  Eat: Chunk             |     2 |     9 |    26 |    46 |    36 ||   119
       Fruit             |       |       |     1 |       |     3 ||     4
Armor: Robe              |     9 |    44 |    28 |    28 |    62 ||   171
       Troll leather arm |       |       |       |    38 |    79 ||   117
Dodge: Dodged            |    66 |   199 |   253 |   302 |   329 ||  1149
       Deflected         |       |       |     2 |     3 |    11 ||    16

Table legend:
 A = Spawn XP
 B = Non-spawn XP
 C = Spawn XP percentage of total XP
 D = Spawn monster count
 E = Non-spawn monster count
 F = Spawn count percentage of total count
 G = Total turns spent on level
                    A         B        C        D         E        F      G
               +---------+---------+-------+---------+---------+-------+---------
         Total |       0 |  112590 |   0.0 |       0 |     760 |   0.0 | 25602
               +---------+---------+-------+---------+---------+-------+---------
           D:1 |       0 |      44 |   0.0 |       0 |      20 |   0.0 |   891
           D:2 |       0 |      62 |   0.0 |       0 |      19 |   0.0 |  1164
           D:3 |       0 |     209 |   0.0 |       0 |      47 |   0.0 |  1054
           D:4 |       0 |     580 |   0.0 |       0 |      40 |   0.0 |  1187
           D:5 |       0 |     504 |   0.0 |       0 |      11 |   0.0 |   903
           D:6 |       0 |    1363 |   0.0 |       0 |      24 |   0.0 |   898
           D:7 |       0 |    2218 |   0.0 |       0 |      32 |   0.0 |  1081
           D:8 |       0 |    3591 |   0.0 |       0 |      48 |   0.0 |  1403
           D:9 |       0 |    3596 |   0.0 |       0 |      45 |   0.0 |  1185
          D:10 |       0 |    3400 |   0.0 |       0 |      17 |   0.0 |  1090
          D:11 |       0 |    4405 |   0.0 |       0 |      35 |   0.0 |  1087
          D:12 |       0 |    2585 |   0.0 |       0 |      21 |   0.0 |  1092
          D:13 |       0 |    3163 |   0.0 |       0 |      17 |   0.0 |   994
          D:14 |       0 |    9923 |   0.0 |       0 |      49 |   0.0 |  1216
        Lair:1 |       0 |    8189 |   0.0 |       0 |      29 |   0.0 |   938
        Lair:2 |       0 |    4842 |   0.0 |       0 |      33 |   0.0 |  1417
        Lair:3 |       0 |    4760 |   0.0 |       0 |      15 |   0.0 |   909
        Lair:4 |       0 |    7420 |   0.0 |       0 |      25 |   0.0 |   930
        Lair:5 |       0 |    1848 |   0.0 |       0 |      13 |   0.0 |  1075
        Lair:6 |       0 |   21647 |   0.0 |       0 |      58 |   0.0 |  1962
      Shoals:1 |       0 |    2937 |   0.0 |       0 |       7 |   0.0 |    17
         Orc:1 |       0 |    3660 |   0.0 |       0 |      35 |   0.0 |   611
         Orc:2 |       0 |   17878 |   0.0 |       0 |      95 |   0.0 |  1771
         Sewer |       0 |     118 |   0.0 |       0 |       8 |   0.0 |   241
       Volcano |       0 |    3648 |   0.0 |       0 |      17 |   0.0 |   486
               +---------+---------+-------+---------+---------+-------+---------
